 Dungeon Crawl Stone Soup version 0.29.1-1-gd02db6906a (webtiles) character file.

Game seed: 1040140843168573306

9 Ashen the Firebug (level 2, 19/19 HPs)
             Began as a Demonspawn Fire Elementalist on Oct 12, 2022.
             Got out of the dungeon alive.
             The game lasted 00:00:41 (136 turns).

Ashen the Firebug (Demonspawn Fire Elementalist)     Turns: 136, Time: 00:00:41

Health: 19/19      AC:  3    Str:  8    XL:     2   Next: 3%
Magic:  2/5        EV: 12    Int: 16    God:
Gold:   8          SH:  0    Dex: 13    Spells: 4/5 levels left

rFire   . . .      SeeInvis .   c - +1 dagger (venom)
rCold   . . .      Faith    .   (no shield)
rNeg    . . .      Spirit   .   a - +0 robe
rPois   .          Reflect  .   (no helmet)
rElec   .          Harm     .   (no cloak)
rCorr   .          Rampage  .   (no gloves)
Will    .....                   (no boots)
Stlth   ++........              (no amulet)
HPRegen 0.06/turn               (no ring)
MPRegen 0.09/turn               (no ring)

@: no status effects
A: sharp scales 1
a: no special abilities


You escaped.
You visited 1 branch of the dungeon, and saw 1 of its levels.

You collected 8 gold pieces.

Inventory:

Hand Weapons
 c - a +1 dagger of venom (weapon)
Armour
 a - a +0 robe (worn)
Potions
 b - a potion of magic


   Skills:
 + Level 0.2 Fighting
 + Level 1.8 Dodging
 + Level 1.8 Stealth
 * Level 2.1 Spellcasting
 * Level 1.2 Conjurations
 * Level 2.9 Fire Magic


You had 4 spell levels left.
You knew the following spells:

 Your Spells              Type           Power      Damage    Failure   Level
a - Foxfire               Conj/Fire      32%        2x1d5     9%          1

Your spell library contained the following spells:

 Spells                   Type           Power      Damage    Failure   Level
 Scorch                   Fire           22%        2d6       10%         2
 Conjure Flame            Conj/Fire      8%         6-21      26%         3
 Inner Flame              Hex/Fire       6%         N/A       34%         3
 Flame Wave               Conj/Fire      8%         2d5       65%         4


Dungeon Overview and Level Annotations

Branches:
Dungeon (1/15)

Altars:

Annotations:
D:1 1 runed translucent door


Innate Abilities, Weirdness & Mutations

You are partially covered in razor-sharp scales. (AC +1, Slay +1)


Message History

You hit the goblin.
The goblin is severely wounded.
The goblin hits you with a +1 dagger of venom.
You barely miss the goblin.
The goblin is severely wounded.
The goblin closely misses you.
Press: ? - help, v - describe, . - travel
Here: a goblin, wielding a +1 dagger of venom (severely wounded)
The floor.
The goblin attacks as you move away! The goblin hits you but does no damage.
Things that are here:
a +0 dagger; a frilled lizard corpse You see here 11 gold pieces.
You conjure some foxfire!
The goblin barely misses you.
You hit the goblin but do no damage.
The goblin is severely wounded.
The foxfire hits the goblin.
You kill the goblin!
You have reached level 2!
Your demonic ancestry asserts itself...
Sharp scales grow over part of your body.
Things that are here:
a +1 dagger of venom; a +0 dagger; a frilled lizard corpse Your +1 dagger of venom begins to drip with poison!
c - a +1 dagger of venom (weapon)
You see here 5 stones.
HP restored.
You open the door.
The endoplasm quivers.
There is an open door here.
The jackal barks! x2; You hear a bark!
The endoplasm quivers. x2
The jackal barks!
The endoplasm quivers.
You hear a bark!
The endoplasm jiggles.
The jackal pauses to sniff the ground.
There is a staircase leading out of the dungeon here.
Are you sure you want to leave the Dungeon?
This will make you lose the game!
You have escaped! ####.#.(............... #.#.###############. #.#.#........h....# #...#.JJBhJhBrrw..#

#.#.#BBhJhrJhB....#
#...#######+#######
###.#.............#
#.'⌠....###....⌠+
#.#......@......#
#.#..⌠...>...⌠..# #
#.###+#######'###.#...
#...................#
###............)......
##...##........#####
#..........##..#
#>.##..##### ...#
#.###..# ...#


You could see 2 giant cockroaches.

Vanquished Creatures
  An endoplasm (D:1)
  2 goblins (D:1)
  2 hobgoblins (D:1)
  A kobold (D:1)
  A frilled lizard (D:1)
7 creatures vanquished.

Vanquished Creatures (others)
  14 foxfires (D:1)
14 creatures vanquished.

Grand Total: 21 creatures vanquished

Notes
Turn   | Place    | Note
-------+----------+-------------------------------------------
     0 | D:1      | Ashen the Demonspawn Fire Elementalist began the quest for
                  | the Orb.
     0 | D:1      | Reached XP level 1. HP: 13/13 MP: 3/3
     1 | D:1      | Found a runed translucent door.
   110 | D:1      | Gained mutation: You are partially covered in razor-sharp
                  | scales. (AC +1, Slay +1) [demonic ancestry]
   110 | D:1      | Reached XP level 2. HP: 18/19 MP: 0/5
   136 | D:$      | Got out of the dungeon alive.

Illustrated notes

Levels and vault maps discovered:
D:1:      dpeg_arrival_caged_fury, layout_rooms, serial_curves, eino_curves_04,
          eino_curves_02, corexii_item_surrounded_by_moat

Action                   || total
-------------------------++-------
Melee: Unarmed           ||     7
 Cast: Foxfire           ||     8
Armor: Robe              ||     1
Dodge: Dodged            ||     4
